AoeStats
← pichevskij

Arabia

510105021Analyzed
1v1 RM · 2d ago on Sep 29, 2026· 71m 29s· 2 players
Game mode
Random Map
Map size
Tiny (2 player)
Population
200
Speed
Normal
Resources
Standard
Victory
Conquest
Starting age
Dark Age
Ending age
Imperial Age
RankedLock teamsTeams togetherTeam positionsShared explorationLock speedFull tech treeHidden civsTurbo modeCheats
Victory
Defeat
🇪🇸 Bulgarians · Spain
864
+15
🇸🇰 Hindustanis · Slovakia
853
-15
kingsman911
7:29 Loom
9:42 Feudal Age
10:32 Double-Bit Axe
10:33 Horse Collar
21:30 Castle Age
21:27 Fletching
21:37 Padded Archer Armor
21:58 Scale Barding Armor
22:44 Bow Saw
22:32 Light Cavalry
23:16 Gold Mining
25:05 Bloodlines
27:50 Wheelbarrow
30:09 Husbandry
30:39 Bodkin Arrow
30:55 Forging
35:45 Leather Archer Armor
38:37 Scale Mail Armor
40:22 Thumb Ring
43:55 Ballistics
45:01 Chain Mail Armor
49:50 Imperial Age
49:10 Chain Barding Armor
48:47 Murder Holes
49:03 Masonry
49:29 Thumb Ring
51:52 Chemistry
52:22 Bracer
57:16 Stone Mining
59:44 Plate Barding Armor
60:40 Conscription
62:54 Iron Casting
pichevskij
11:33 Feudal Age
9:49 Loom
12:50 Double-Bit Axe
23:50 Castle Age
22:44 Horse Collar
24:16 Fletching
24:29 Scale Mail Armor
26:32 Wheelbarrow
26:44 Padded Archer Armor
30:34 Squires
29:54 Pikeman
31:25 Elite Skirmisher
32:49 Bow Saw
32:39 Gambesons
33:30 Gold Mining
34:11 Husbandry
37:06 Heavy Plow
38:25 Leather Archer Armor
38:06 Bodkin Arrow
40:50 Fervor
43:22 Imperial Age
43:32 Capped Ram
43:33 Heavy Scorpion
44:56 Scale Barding Armor
44:31 Halberdier
46:50 Cavalier
49:56 Chain Barding Armor
49:35 Murder Holes
51:10 Town Watch
51:51 Hand Cart
53:20 Illumination
54:37 Herbal Medicine
56:42 Plate Barding Armor
56:37 Ballistics
56:22 Siege Engineers
55:52 Elite Konnik
57:54 Town Patrol
58:46 Bagains
59:14 Siege Ram
60:29 Forging
60:34 Chain Mail Armor
65:38 Bloodlines
66:39 Stirrups
68:59 Crop Rotation
Connection lost

Rejoining the realm…

Still unreachable

The connection could not be restored.

Session expired

The server has moved on; the page needs a fresh start.